 Dungeon Crawl Stone Soup version 0.30-a0-1016-gfb0d676c02 (webtiles) character file.

Game seed: 14098059494688059772

1521 greynaab the Cleaver (level 9, -6/60 HPs)
             Began as a Djinni Berserker on Apr 6, 2023.
             Was a Priest of Trog.
             Mangled by an ogre
             ... wielding a +0 giant club
              (22 damage)
             ... on level 6 of the Dungeon on Apr 7, 2023.
             The game lasted 00:17:02 (6115 turns).

greynaab the Cleaver (Djinni Berserker)             Turns: 6115, Time: 00:17:02

Health: -6/60      AC:  6    Str: 20    XL:     9   Next: 10%
Gold:   314        EV: 12    Int: 10    God:    Trog [***...] SH:  0 Dex: 12

rFire   + + .      SeeInvis +    a - +0 hand axe
rCold   x . .      Faith    .    (no shield)
rNeg    . . .      Spirit   .    H - +1 leather armour {Will+}
rPois   ∞          Reflect  .    m - +0 helmet
rElec   .          Rampage  .    (no cloak)
rCorr   .                        L - +0 pair of gloves
Will    +....                    (boots unavailable)
Stlth   +                        (no amulet)
HPRegen 0.30/turn                d - ring of see invisible
MPRegen 0.00/turn                (no ring)

@: on berserk cooldown, flying, slowed, very slow
A: sickness immunity, fire resistance 2, cold vulnerability 1, float, innate
caster, HP casting, extra vitality 1
a: Renounce Religion, Berserk, Trog's Hand


You were on level 6 of the Dungeon.
You worshipped Trog.
Trog was most pleased with you.
You visited 1 branch of the dungeon, and saw 6 of its levels.
You also visited: Ossuary.

You collected 314 gold pieces.

Inventory:

Hand Weapons
 a - a +0 hand axe (weapon)
 q - a +4 dagger
Missiles
 g - 3 poisoned darts (quivered)
 v - a throwing net
Armour
 m - a +0 helmet (worn)
 o - a +0 chain mail
 H - a +1 leather armour of willpower (worn)
 L - a +0 pair of gloves (worn)
Jewellery
 d - a ring of see invisible (left hand)
Wands
 p - a wand of paralysis (7)
 F - a wand of digging (6)
Scrolls
 b - 2 scrolls of blinking
 c - a scroll of magic mapping
 h - a scroll of teleportation {unknown}
 k - a scroll of torment
 n - 3 scrolls of butterflies {unknown}
 r - 3 scrolls of immolation
 x - a scroll of silence {unknown}
 y - 6 scrolls of noise
 A - a scroll of acquirement {unknown}
 D - a scroll of enchant armour {unknown}
 E - 2 scrolls of brand weapon {unknown}
 G - a scroll of fog {unknown}
 I - a scroll of vulnerability
Potions
 e - 4 potions of heal wounds
 f - 2 potions of mutation
 i - a potion of invisibility {unknown}
 j - a potion of ambrosia {unknown}
 l - 2 potions of attraction {unknown}
 s - 3 potions of resistance {unknown}
 t - 2 potions of brilliance {unknown}
 u - 3 potions of magic {unknown}
 w - 2 potions of cancellation {unknown}
 z - 5 potions of might {unknown}
 B - 2 potions of haste {unknown}
 C - 2 potions of curing {unknown}
 J - 3 potions of flight {unknown}
 K - 2 potions of lignification {unknown}


   Skills:
 - Level 3.0 Fighting
 + Level 9.4 Axes
 - Level 2.0 Armour
 - Level 2.1 Dodging


You knew the following spells:

 Your Spells              Type           Power      Damage    Failure   Level
a - Foxfire               Conj/Fire      0%         2x1d4     41%         1
b - Poisonous Vapours     Pois/Air       0%         N/A       54%         2
c - Summon Guardian Gole  Hex/Summ       0%         N/A       78%         3
d - Ice Form              Ice/Tmut       0%         N/A       99%         4
Your spell library was empty.

Dungeon Overview and Level Annotations

Branches:
Dungeon (6/15) Zot: 26409  Temple (0/1) D:5         Ossuary (visited)

Altars:


Innate Abilities, Weirdness & Mutations

You are immune to sickness and miasma.
You are immune to poison.
Your flesh is very heat resistant. (rF++)
You are vulnerable to cold. (rC-)
You float through the air rather than walking.
You learn spells naturally, not from books.
Your magical power is your life essence.
You have superior vitality. (+4 MHP)


Message History

You miss the hound.
The hound is heavily wounded.
The hound misses you.
You slash the hound!
You kill the hound!
Trog accepts your kill. The ice beast closely misses you.
You see here 2 poisoned darts.
You hit the ice beast but do no damage. The ice beast barely misses you.
You hit the ice beast.
The ice beast is lightly wounded.
You completely miss the ice beast.
The ice beast is lightly wounded.
The ice beast hits you but does no damage.
You hit the ice beast but do no damage.
The ice beast is lightly wounded.
You barely miss the ice beast.
The ice beast is lightly wounded.
The ice beast hits you. The ice beast freezes you!
You feel a terrible chill!
You slash the ice beast!
The ice beast is heavily wounded.
You are no longer berserk.
You are exhausted.
You feel yourself slow down.
You hit the ice beast.
The ice beast is severely wounded.
The ice beast barely misses you. The ice beast closely misses you.
You slash the ice beast!
The ice beast is almost dead.
The ice beast misses you.
You hit the ice beast.
You kill the ice beast!
Trog accepts your kill.
You hit the ogre but do no damage. The ogre closely misses you.
You barely miss the ogre.
The ogre hits you with a +0 giant club!!
* * * LOW HITPOINT WARNING * * *
You hit the ogre but do no damage.
The ogre hits you with a +0 giant club!!
You die...

#......#####...#
#......##......##
#......##.#.#...#
#.....†#..).....#####
#.........#.#........
####'####.....#######
#.# ####### . #.# ..
#@# ... #O# (..O #.#
..h.. #.# ......#.#
...h..'.# ...!..###
...Y.. ##.##


You could see an ogre.

Vanquished Creatures
  A hornet (D:5)
  A steam dragon (D:6)
  2 ice beasts
  An ogre (D:4)
  A phantom (D:4)
  A scorpion (D:3)
  2 howler monkeys (D:5)
  2 centaur zombies (Ossuary)
  5 hounds
  2 orc priests
  Jessica (D:2)
  3 iguanas
  3 orc wizards
  5 mummies (Ossuary)
  Robin (D:2)
  7 adders
  A worm (D:4)
  A dart slug (D:5)
  16 orcs
  4 bats
  11 endoplasms
  3 giant cockroaches
  A gnoll zombie (Ossuary)
  15 goblins
  10 hobgoblins
  13 jackals
  3 kobolds
  8 quokkas
  6 ball pythons
  5 frilled lizards
  A goblin zombie (Ossuary)
  A hobgoblin zombie (Ossuary)
  3 kobold zombies (Ossuary)
  6 rats
146 creatures vanquished.

Notes
Turn   | Place    | Note
-------+----------+-------------------------------------------
     0 | D:1      | greynaab the Djinni Berserker began the quest for the Orb.
     0 | D:1      | Reached XP level 1. HP: 20/20 MP: 0/0
    86 | D:1      | Reached XP level 2. HP: 25/25 MP: 0/0
   105 | D:1      | Reached skill level 3 in Axes
   628 | D:1      | Reached XP level 3. HP: 30/30 MP: 0/0
   628 | D:1      | Learned a level 1 spell: Foxfire
  1059 | D:2      | Reached ** piety under Trog
  1263 | D:2      | Reached XP level 4. HP: 19/35 MP: 0/0
  1461 | D:2      | Noticed Robin
  1474 | D:2      | Killed Robin
  1475 | D:2      | Reached skill level 4 in Axes
  1719 | D:2      | Found a faded altar of an unknown god.
  1837 | D:2      | Noticed Jessica
  1848 | D:2      | Killed Jessica
  1849 | D:2      | Reached XP level 5. HP: 40/40 MP: 0/0
  1849 | D:2      | Learned a level 2 spell: Poisonous Vapours
  2641 | D:3      | Reached skill level 5 in Axes
  2749 | D:3      | Reached XP level 6. HP: 46/46 MP: 0/0
  3075 | D:4      | Found a sand-covered staircase.
  3078 | D:4      | Noticed an ogre
  3086 | D:4      | Killed an ogre
  3128 | Ossuary  | Entered an ossuary
  3316 | Ossuary  | Reached skill level 6 in Axes
  3336 | Ossuary  | Reached *** piety under Trog
  3388 | Ossuary  | Reached XP level 7. HP: 37/50 MP: 0/0
  3388 | Ossuary  | Learned a level 3 spell: Summon Guardian Golem
  3964 | D:4      | Reached skill level 7 in Axes
  4207 | D:4      | Identified the +2 robe of Kul Con {Int+6}
  4278 | D:5      | Entered Level 5 of the Dungeon
  4464 | D:5      | Found a staircase to the Ecumenical Temple.
  4475 | D:5      | Reached XP level 8. HP: 55/56 MP: 0/0
  5084 | D:5      | Reached skill level 8 in Axes
  5173 | D:5      | Noticed a hornet
  5190 | D:5      | Killed a hornet
  5968 | D:6      | Reached skill level 9 in Axes
  6100 | D:6      | Reached XP level 9. HP: 60/60 MP: 0/0
  6100 | D:6      | Learned a level 4 spell: Ice Form
  6115 | D:6      | Mangled by an ogre

Illustrated notes

Levels and vault maps discovered:
D:1:      evilmike_arrival_crescent, layout_loops_corners
D:2:      minmay_skewed_foursquare, layout_loops_cross,
          ebering_ecumenical_altar_hall, uniq_jessica, uniq_robin
D:3:      layout_basic, item_on_display_a
D:4:      layout_rooms, enter_ossuary_1
D:5:      layout_loops_corners, temple_statues, kennysheep_generic_room_16
D:6:      layout_basic, serial_glass, glass_columns_a, glass_columns_a

Skill      XL: |  1  2  3  4  5  6  7  8 |
---------------+-------------------------+-----
Axes           | 3 4 5 6 7 9 |  9.4
Fighting       | |  3.0
Armour         | |  2.0
Dodging        | |  2.1

Action                     |  1- 3 |  4- 6 |  7- 9 || total
---------------------------+-------+-------+-------++-------
  Melee: Hand axe          |   101 |   195 |   324 ||   620
         Punch             |       |     1 |     4 ||     5
  Throw: Dart              |       |     4 |     8 ||    12
 Invoke: Berserk           |     3 |     3 |     8 ||    14
         Trog's Hand       |       |     1 |     6 ||     7
  Evoke: Wand              |       |       |     1 ||     1
    Use: Scroll            |       |     5 |     2 ||     7
   Stab: Sleeping          |     1 |       |       ||     1
         Distracted        |       |     1 |       ||     1
         Paralysed         |       |       |     7 ||     7
 Armour: Animal skin       |     3 |       |       ||     3
         Leather armour    |    21 |    37 |    53 ||   111
         Ring mail         |       |    25 |    37 ||    62
  Dodge: Dodged            |    59 |   141 |   151 ||   351

Table legend: (Time is in decaauts)
 A = Elapsed time spent in this place.
 B = Non-inter-level travel time spent in this place.
 C = Inter-level travel time spent in this place.
 D = Time resting spent in this place.
 E = Time spent auto-exploring this place.
 F = Levels seen in this place.
 G = Mean time per level.
                   A        B        C        D        E       F      G
               +--------+--------+--------+--------+--------+-----+--------+
         Total |   6220 |   6104 |    116 |   1100 |   3500 |   7 |  888.6 |
       Dungeon |   5792 |   5676 |    116 |    958 |   3488 |   6 |  965.3 |
       Ossuary |    428 |    428 |      0 |    142 |     12 |   1 |  428.0 |
               +--------+--------+--------+--------+--------+-----+--------+

Top non-repeatable levels by time:
     D:5: 1207 daAuts
     D:3: 1096 daAuts
     D:2: 1096 daAuts
     D:1: 930 daAuts
     D:4: 871 daAuts
     D:6: 589 daAuts
 Ossuary: 428 daAuts
